 Dungeon Crawl Stone Soup version 0.16-a0-3939-g9a3e665 (webtiles) character file.

58 PolkaDot the Caller (level 3, -2/28 HPs)
             Began as a Vampire Summoner on Feb 6, 2015.
             Slain by a gnoll
             ... wielding a +0 club
              (3 damage)
             ... on level 2 of the Dungeon.
             The game lasted 00:06:47 (1252 turns).

PolkaDot the Caller (Vampire Summoner)              Turns: 1252, Time: 00:06:48

Health: -2/28      AC:  2    Str:  7    XL:     3   Next: 75%
Magic:  1/6        EV: 12    Int: 18    God:
Gold:   109        SH:  0    Dex: 14    Spells: 3 memorised, 0 levels left

rFire  . . .     SeeInvis +     j - +7 club
rCold  . . .     Clarity  .     a - +0 robe
rNeg   . . .     SustAb   .     (no shield)
rPois  .         Gourm    .     (no helmet)
rElec  .         Spirit   .     (no cloak)
rCorr  .         Warding  .     (no gloves)
rMut   .         Stasis   .     (no boots)
MR     .....                    (no amulet)
Stlth  ++........               (no ring)
                                (no ring)

@: very slightly contaminated, regenerating very quickly, not resistant to
hostile enchantments, unstealthy
A: bottle blood, fangs 3, see invisible, unbreathing
a: no special abilities


You were on level 2 of the Dungeon.
You were almost alive.

You visited 1 branch of the dungeon, and saw 2 of its levels.

You collected 109 gold pieces.

Inventory:

Hand weapons
 j - a +7 club (weapon)
Armour
 a - a +0 robe (worn)
Scrolls
 d - 3 scrolls of identify {unknown}
 f - a scroll of fear {unknown}
Potions
 e - a potion of mutation {unknown}
 g - a potion of curing {unknown}
 h - a potion of blood {@*1}
 i - a potion of haste {unknown}
Books
 b - a book of Callings

   Spells                             Type                      Level
   a - Summon Small Mammal            Summoning                    1
   b - Call Imp                       Summoning                    2
   c - Call Canine Familiar           Summoning                    3
   d - Summon Guardian Golem          Hexes/Summoning              4
   e - Summon Lightning Spire         Summoning/Air                4
   f - Summon Ice Beast               Ice/Summoning                4


   Skills:
 * Level 2.5 Fighting
 - Level 2.1 Dodging
 - Level 3.0 Stealth
 - Level 2.0 Spellcasting
 + Level 4.4 Summonings


You couldn't memorise any spells.
You knew the following spells:

 Your Spells              Type           Power        Failure   Level  Hunger
d - Call Canine Familiar  Summ           ###.....     12%         3    ###....
s - Call Imp              Summ           ###.....     6%          2    ###....
z - Summon Small Mammal   Summ           ###.         3%          1    #......


Dungeon Overview and Level Annotations

Branches:
Dungeon (2/15)

Altars:


Innate Abilities, Weirdness & Mutations

Your natural rate of healing is extremely fast.
You can bottle blood from corpses.
You have razor-sharp teeth.
You have supernaturally acute eyesight.
You can survive without breathing.


Message History

The gnoll hits your hound with a club.
The gnoll throws a throwing net.
The throwing net hits you.
You become entangled in the net!
Your hound barely misses the gnoll.
You struggle to escape the net.
Your hound closely misses the gnoll.
The gnoll hits your hound with a club.
Your hound closely misses the gnoll.
The gnoll barely misses you.
You struggle against the net.
Your hound bites the gnoll.
The gnoll hits your hound with a club!
Your hound dies!
Your hound's corpse disappears in a puff of smoke!
The gnoll hits you.
* * * LOW HITPOINT WARNING * * *
You try to slip out of the net.
The gnoll hits you.
* * * LOW HITPOINT WARNING * * *
You try to slip out of the net.
The gnoll hits you with a club.
* * * LOW HITPOINT WARNING * * *
The gnoll hits you!
* * * LOW HITPOINT WARNING * * *
You slip out of the net!
The gnoll hits you with a club.
You die...

.# #.# #.### .#
#.. #.... # .# ##.
##### #.###.# .#
#gg...# . ##..## .
#..#.# #.#
###g).## #.#
#..@g.# #.#
#.#.### #.# #.#.#
#.# # #.# #.####
#.# #.....
#.###########.(###
#..............#
#############.##
#.#


You could see 2 gnolls.

Vanquished Creatures
  A gnoll (D:2)
  A giant mite (D:1)
  A giant gecko (D:1)
  3 bats (D:1)
  A goblin (D:1)
  3 hobgoblins
  3 kobolds (D:1)
  3 rats (D:1)
16 creatures vanquished.

Vanquished Creatures (collateral kills)
  Jessica (D:2)
  A worm (D:2)
  2 giant geckos (D:1)
  A bat (D:2)
  2 goblins (D:1)
  4 hobgoblins (D:1)
  3 jackals (D:1)
  A ball python (D:1)
  2 giant newts
  2 kobolds (D:1)
  2 rats (D:1)
21 creatures vanquished.

Vanquished Creatures (others)
  A hound (D:2)
  A quokka (D:1)
  2 bats (D:1)
  2 rats (D:1)
6 creatures vanquished.

Grand Total: 43 creatures vanquished

Notes
Turn   | Place    | Note
--------------------------------------------------------------
     0 | D:1      | PolkaDot, the Vampire Summoner, began the quest for the Orb.
     0 | D:1      | Reached XP level 1. HP: 13/13 MP: 3/3
   195 | D:1      | Reached skill level 1 in Fighting
   339 | D:1      | Reached XP level 2. HP: 18/21 MP: 0/4
   872 | D:1      | Reached XP level 3. HP: 27/27 MP: 1/6
   878 | D:1      | Learned a level 2 spell: Call Imp
   882 | D:1      | Learned a level 3 spell: Call Canine Familiar
  1147 | D:2      | Noticed Jessica
  1156 | D:2      | Killed Jessica
  1251 | D:2      | HP: 1/28 [gnoll (7)]
  1252 | D:2      | Slain by a gnoll

Action                   || total
-------------------------++-------
Melee: Unarmed           ||    19
       Dagger            ||    65
       Club              ||     7
 Cast: Summon Small Mamm ||    29
       Call Imp          ||     2
       Call Canine Famil ||     2
  Use: Potion            ||     5
 Stab: Sleeping          ||     3
  Eat: Corpse            ||     9
